Map: [ESL] Royal Blood

Players

Elazer - Winner!

  • Race: Zerg Zerg

DRG

  • Race: Zerg Zerg

Event: IEM Katowice 2023

VOD

Have the link to the VOD?

Description

Time

  • Played on: Feb. 10, 2023, 2:38 p.m.
  • Length: 9:10

All games in this series

Show
View Real Time Build Order
Export as new Build Order

Elazer Zerg - Winner!

Build Orders: Hatch First 

Get SALT Encoding   

  12  0:00  Drone  
  13  0:12  Overlord  
  13  0:17  Drone  
  14  0:30  Drone x2  
  16  0:47  Hatchery  
  15  0:51  Drone  
  15  0:55  Drone  
  17  0:58  Drone  
  18  1:09  Extractor  
  17  1:12  Spawning Pool  
  17  1:16  Drone  
  17  1:19  Drone  
  18  1:28  Drone  
  19  1:39  Drone  
  20  1:49  Drone  
  21  1:59  Queen x2  
  21  2:00  Overlord, Zergling x2  
  26  2:09  Metabolic Boost  
  26  2:10  Drone x2  
  28  2:21  Drone x2  
  30  2:32  Hatchery  
  30  2:35  Drone  
  30  2:37  Drone  
  30  2:43  Baneling Nest  
  30  2:47  Overlord  
  30  2:50  Drone  
  31  2:54  Drone x2  
  32  3:06  Overlord, Drone  
  32  3:07  Drone x2  
  32  3:10  Zergling x4  
  37  3:13  Zergling x2  
  37  3:14  Zergling x2  
  39  3:21  Queen  
  39  3:26  Drone x2  
  43  3:29  Drone x2  
  45  3:40  Drone x6  
  51  3:42  Drone  
  51  3:44  Drone x2  
  54  3:52  Drone x2  
  55  3:56  Overlord  
  55  4:00  Roach Warren  
  54  4:05  Zergling x6  
  57  4:10  Baneling  
  57  4:13  Overlord  
  57  4:15  Zergling x2  
  57  4:16  Zergling x8  
  62  4:22  Zergling x4  
  62  4:23  Baneling x2, Zergling x2  
  49  4:47  Zergling x12  
  49  4:49  Zergling x4  
  49  4:52  Queen x2  
  51  4:54  Zergling x2  
  56  5:02  Overlord  
  54  5:09  Baneling x2  
  54  5:10  Hatchery  
  54  5:11  Roach x3  
  59  5:16  Overlord  
  59  5:24  Extractor  
  59  5:26  Drone x7  
  65  5:31  Lair  
  65  5:33  Overlord  
  65  5:41  Overlord  
  65  5:45  Overlord  
  65  5:50  Overlord  
  65  5:54  Extractor  
  65  5:57  Roach  
  65  6:03  Roach x7  
  78  6:08  Roach  
  75  6:14  Roach  
  77  6:22  Roach  
  77  6:23  Roach  
  77  6:31  Roach x2  
  80  6:37  Roach  
  80  6:38  Roach  
  73  6:49  Zergling x14  
  73  6:52  Queen x3  
  78  6:57  Zergling x6  
  78  7:01  Glial Reconstitution  
  81  7:11  Drone x3  
  81  7:15  Drone  
  86  7:23  Roach x4  
  86  7:27  Overlord  
  92  7:34  Drone x2  
  94  7:41  Drone x6  
  100  7:49  Drone x2  
  100  7:58  Overlord  
  98  8:00  Roach x7  
  98  8:05  Roach x2  
  116  8:11  Roach x3  
  121  8:15  Overlord  
  121  8:17  Evolution Chamber  
  120  8:22  Baneling x6  
  120  8:23  Baneling  
  120  8:26  Drone  
  120  8:27  Drone x4  
  125  8:29  Baneling  
  125  8:34  Drone x2  
  127  8:39  Overlord  
  127  8:40  Drone  
  127  8:41  Drone x4  
Show
View Real Time Build Order
Export as new Build Order

DRG Zerg 

Build Orders: Hatch First, Zergling Baneling 

Get SALT Encoding   

  12  0:00  Drone  
  13  0:12  Overlord  
  13  0:17  Drone  
  14  0:30  Drone x2  
  16  0:47  Hatchery  
  15  0:50  Drone  
  15  0:54  Drone  
  17  0:57  Drone  
  18  1:08  Extractor  
  17  1:13  Spawning Pool  
  17  1:15  Drone  
  17  1:18  Drone  
  18  1:27  Drone  
  19  1:38  Drone  
  20  1:49  Drone  
  21  1:59  Queen x2  
  21  2:00  Overlord  
  21  2:01  Drone  
  26  2:10  Drone  
  26  2:11  Metabolic Boost, Drone  
  28  2:21  Drone  
  28  2:22  Zergling x2  
  30  2:32  Hatchery  
  30  2:34  Drone  
  30  2:35  Drone  
  31  2:42  Queen  
  33  2:49  Baneling Nest  
  32  2:52  Overlord  
  32  2:55  Drone  
  33  2:58  Drone  
  33  3:03  Drone  
  33  3:05  Zergling x2  
  35  3:10  Drone x3  
  38  3:13  Zergling x4  
  38  3:17  Drone x2  
  42  3:22  Overlord  
  42  3:24  Drone  
  43  3:29  Overlord  
  43  3:39  Extractor  
  43  3:41  Drone x3  
  45  3:45  Zergling x8  
  49  3:51  Zergling x4  
  49  3:55  Baneling x2  
  51  3:56  Zergling x8  
  55  4:04  Baneling x4  
  55  4:06  Zergling x4  
  57  4:13  Baneling x2  
  57  4:14  Zergling x8  
  61  4:21  Zergling x2  
  61  4:30  Zergling x4  
  58  4:32  Zergling x8  
  62  4:42  Roach Warren  
  55  4:48  Drone x5  
  55  4:49  Drone  
  55  4:52  Drone  
  59  4:53  Drone  
  60  5:00  Overlord  
  60  5:04  Overlord  
  60  5:05  Overlord  
  60  5:13  Overlord  
  60  5:22  Roach  
  60  5:23  Roach x7  
  60  5:25  Roach  
  60  5:26  Baneling x2  
  78  5:30  Roach  
  78  5:34  Overlord  
  80  5:37  Roach  
  80  5:40  Roach  
  80  5:42  Roach x3  
  90  5:45  Overlord x2  
  90  5:46  Overlord  
  90  5:50  Overlord  
  90  5:56  Zergling x10  
  93  6:07  Zergling x2  
  93  6:08  Zergling x4  
  93  6:10  Baneling x11  
  95  6:14  Zergling x8  
  98  6:21  Zergling x2  
  98  6:24  Zergling x2  
  91  6:29  Lair  
  91  6:32  Zergling x6  
  93  6:36  Zergling x2  
  93  6:37  Zergling x6  
  93  6:38  Queen, Zergling x4  
  93  6:40  Zergling x2  
  93  6:46  Zergling x2  
  87  6:48  Zergling x2, Evolution Chamber  
  87  6:51  Zergling x2  
  83  6:54  Drone  
  83  7:01  Overlord, Drone  
  85  7:04  Drone  
  85  7:08  Drone x5  
  90  7:09  Drone  
  90  7:13  Zerg Missile Weapons Level 1  
  90  7:14  Drone  
  92  7:16  Drone  
  92  7:19  Drone  
  94  7:25  Overlord  
  94  7:28  Hatchery, Glial Reconstitution  
  94  7:29  Overseer  
  93  7:30  Overseer  
  93  7:32  Drone x2  
  93  7:35  Extractor x3  
  93  7:36  Overlord  
  92  7:39  Roach x3  
  98  7:50  Drone  
  98  7:51  Drone  
  100  7:52  Drone x3  
  100  7:53  Drone  
  100  7:54  Drone x3  
  100  7:56  Drone  
  105  8:04  Drone x3  
  107  8:08  Overlord, Pneumatized Carapace  
  107  8:10  Drone x5  
  107  8:12  Queen  
  111  8:13  Extractor  
  111  8:14  Queen  
  111  8:19  Roach x2  
  118  8:21  Overlord  
  118  8:23  Overlord  
  117  8:28  Roach x2  
  117  8:30  Roach  
  117  8:33  Roach x2  
  125  8:38  Roach x3  

Tags
 
Add a new tag
Caveats
  • Supply blocks, unpowered buildings, or Contaminate may cause inaccurate times.
  • Supply counts are checked every 10 seconds.